Workbook
Name a: #REF!
Name A_Obj1: OFFSET(#REF!,0,0,COUNTA(#REF!)-1,1)
Name A_Obj1: OFFSET(#REF!,0,0,COUNTA(#REF!)-1,1)
Name A_Obj1: OFFSET(#REF!,0,0,COUNTA(#REF!)-1,1)
Name A_Obj1: OFFSET(#REF!,0,0,COUNTA(#REF!)-1,1)
Name A_Obj1: OFFSET(#REF!,0,0,COUNTA(#REF!)-1,1)
Name A_Obj1: OFFSET(#REF!,0,0,COUNTA(#REF!)-1,1)
Name A_Obj2: OFFSET(#REF!,0,0,COUNTA(#REF!)-1,1)
Name A_Obj2: OFFSET(#REF!,0,0,COUNTA(#REF!)-1,1)
Name A_Obj2: OFFSET(#REF!,0,0,COUNTA(#REF!)-1,1)
Name A_Obj2: OFFSET(#REF!,0,0,COUNTA(#REF!)-1,1)
Name A_Obj2: OFFSET(#REF!,0,0,COUNTA(#REF!)-1,1)
Name A_Obj2: OFFSET(#REF!,0,0,COUNTA(#REF!)-1,1)
Name A_Obj3: OFFSET(#REF!,0,0,COUNTA(#REF!)-1,1)
Name A_Obj3: OFFSET(#REF!,0,0,COUNTA(#REF!)-1,1)
Name A_Obj3: OFFSET(#REF!,0,0,COUNTA(#REF!)-1,1)
Name A_Obj3: OFFSET(#REF!,0,0,COUNTA(#REF!)-1,1)
Name A_Obj3: OFFSET(#REF!,0,0,COUNTA(#REF!)-1,1)
Name A_Obj3: OFFSET(#REF!,0,0,COUNTA(#REF!)-1,1)
Name A_Obj4: OFFSET(#REF!,0,0,COUNTA(#REF!)-1,1)
Name A_Obj4: OFFSET(#REF!,0,0,COUNTA(#REF!)-1,1)
Name A_Obj4: OFFSET(#REF!,0,0,COUNTA(#REF!)-1,1)
Name A_Obj4: OFFSET(#REF!,0,0,COUNTA(#REF!)-1,1)
Name A_Obj4: OFFSET(#REF!,0,0,COUNTA(#REF!)-1,1)
Name A_Obj4: OFFSET(#REF!,0,0,COUNTA(#REF!)-1,1)
Name Acc_1: #REF!
Name Acc_1: #REF!
Name Acc_1: #REF!
Name Acc_1: #REF!
Name Acc_1: #REF!
Name Acc_1: #REF!
Name Acc_1234: #REF!
Name Acc_1234: #REF!
Name Acc_2: #REF!
Name Acc_2: #REF!
Name Acc_2: #REF!
Name Acc_2: #REF!
Name Acc_2: #REF!
Name Acc_2: #REF!
Name Acc_3: #REF!
Name Acc_3: #REF!
Name Acc_3: #REF!
Name Acc_3: #REF!
Name Acc_3: #REF!
Name Acc_3: #REF!
Name Acc_4: #REF!
Name Acc_4: #REF!
Name Acc_4: #REF!
Name Acc_4: #REF!
Name Acc_4: #REF!
Name Acc_4: #REF!
Name Acc_5: #REF!
Name Acc_5: #REF!
Name Acc_5: #REF!
Name Acc_5: #REF!
Name Acc_5: #REF!
Name Acc_5: #REF!
Name Acc_6: #REF!
Name Acc_6: #REF!
Name Acc_6: #REF!

Sheet Consolidado
B8: Resultados Seguimiento Plan Anticorrupción y de Atención al Ciudadano 2020
B11: Selecciona el componente que desea consultar:
B13: Componente 1: Mapa de riesgos de corrupción y medidas para mitigar los riesgos
B15: Componente 2: Racionalización (Estrategia antitrámites)
B17: Componente 3. Rendición de cuentas
B19: Componente 4. Atención al Ciudadano
B21: Componente 5. Transparencia y Acceso a la Información
B23: Componente 6: Iniciativas adicionales
B25: TOTAL

Sheet Antecedentes
A2: PLAN ANTICORRUPCIÓN Y DE ATENCIÓN AL CIUDADANO 2021
A4: OBJETIVO GENERAL Fomentar la gestión de transparencia y lucha contra la corrupción en el Ministerio del Deporte, a través de la formulación de la estrategia y el desarrollo de actividades orientadas al cumplimiento del Plan Anticorrupción y de Atención al Ciudadano 2021.
A5: OBJETIVOS ESPECÍFICOS • Definir actividades para prevenir la materialización de riesgos de corrupción. • Formular acciones orientadas a identificar las necesidades de los ciudadanos y los grupos de valor. • Formular acciones de rendición de cuentas de la entidad como instrumento de fortalecimiento en la gestión. • Generar acciones para la identificación, priorización y racionalización de trámites del Ministerio del Deporte. • • Formular acciones pedagógicas adicionales para fomentar la Transparencia e integridad de los funcionarios y contratistas.

Sheet Programación Metas
B5: Plan Anticorrupción y de Atención al Ciudadano 2020
B6: Componente | C6: 1er bimestre ene-feb | D6: 2do bimestre mar-abr | E6: 3ro bimestre may-jun | F6: 4to bimestre jul-ago | G6: 5to bimestre sep-oct | H6: 6to bimestre nov-dic
B8: Componente 1: Mapa de riesgos de corrupción y medidas para mitigar los riesgos | C8: =+'1.Riesgos corrupción'!S22 -> 0.2 | D8: =+'1.Riesgos corrupción'!T22 -> 0.30555556 | E8: =+'1.Riesgos corrupción'!U22 -> 0.57777778 | F8: =+'1.Riesgos corrupción'!V22 -> 0.66666667 | G8: =+'1.Riesgos corrupción'!W22 -> 0.73888889 | H8: =+'1.Riesgos corrupción'!X22 -> 1
B9: Componente 2: Racionalización (Estrategia antitrámites) | C9: =+'2.Racionalización'!S9 -> 0 | D9: =+'2.Racionalización'!T9 -> 0.66666667 | E9: =+'2.Racionalización'!U9 -> 0.66666667 | F9: =+'2.Racionalización'!V9 -> 0.83333333 | G9: =+'2.Racionalización'!W9 -> 0.83333333 | H9: =+'2.Racionalización'!X9 -> 1
B10: Componente 3. Rendición de cuentas | C10: =+'3.Rendición de Cuentas'!S24 -> 0 | D10: =+'3.Rendición de Cuentas'!T24 -> 0.11111111 | E10: =+'3.Rendición de Cuentas'!U24 -> 0.19444444 | F10: =+'3.Rendición de Cuentas'!V24 -> 0.30555556 | G10: =+'3.Rendición de Cuentas'!W24 -> 0.38888889 | H10: =+'3.Rendición de Cuentas'!X24 -> 1
B11: Componente 4. Atención al Ciudadano | C11: =+'4.Atencion al Ciudadano'!V31 -> 0.01 | D11: =+'4.Atencion al Ciudadano'!W31 -> 0.06 | E11: =+'4.Atencion al Ciudadano'!X31 -> 0.34 | F11: =+'4.Atencion al Ciudadano'!Y31 -> 0.47 | G11: =+'4.Atencion al Ciudadano'!Z31 -> 0.62 | H11: =+'4.Atencion al Ciudadano'!AA31 -> 1
B12: Componente 5. Transparencia y Acceso a la Información | C12: =+'5.Transparencia '!T19 -> 0.019230769 | D12: =+'5.Transparencia '!U19 -> 0.038461538 | E12: =+'5.Transparencia '!V19 -> 0.19230769 | F12: =+'5.Transparencia '!W19 -> 0.21153846 | G12: =+'5.Transparencia '!X19 -> 0.30769231 | H12: =+'5.Transparencia '!Y19 -> 1
B13: Componente 6: Iniciativas adicionales | C13: =+'6. Iniciativas adicionales.'!S10 -> 0 | D13: =+'6. Iniciativas adicionales.'!T10 -> 0 | E13: =+'6. Iniciativas adicionales.'!U10 -> 0.5 | F13: =+'6. Iniciativas adicionales.'!V10 -> 0.5 | G13: =+'6. Iniciativas adicionales.'!W10 -> 0.75 | H13: =+'6. Iniciativas adicionales.'!X10 -> 1
B14: TOTAL | C14: =AVERAGE(C8:C13) -> 0.038205128 | D14: =AVERAGE(D8:D13) -> 0.19696581 | E14: =AVERAGE(E8:E13) -> 0.4118661 | F14: =AVERAGE(F8:F13) -> 0.497849 | G14: =AVERAGE(G8:G13) -> 0.60646724 | H14: =AVERAGE(H8:H13) -> 1

Sheet 1.Riesgos corrupción
A2: PLAN ANTICORRUPCIÓN Y DE ATENCIÓN AL CIUDADANO 2021
G3: Seguimiento Primer Cuatrimestre | K3: Seguimiento Segundo Cuatrimestre | O3: Seguimiento Tercer Cuatrimestre
A4: Componente 1: Mapa de riesgos de corrupción y medidas para mitigar los riesgos | G4: Seguimiento Primera Línea de Defensa Primer Cuatrimestre | I4: Seguimiento Tercera Línea de Defensa Primer Cuatrimestre | K4: Seguimiento Primera Línea de Defensa Segundo Cuatrimestre | M4: Seguimiento Tercera Línea de Defensa Segundo Cuatrimestre | O4: Seguimiento Primera Línea de Defensa Tercer Cuatrimestre | Q4: Seguimiento Tercera Línea de Defensa Tercer Cuatrimestre | S4: Programación Meta Acumulativa
A5: Subcomponente | B5: Acción | C5: Meta o Producto | D5: Indicador | E5: Responsable | F5: Fecha programada | G5: Avance Cuantitativo | H5: Avance Cualitativo | I5: Avance Cuantitativo OCI | J5: Observaciones OCI | K5: Avance Cuantitativo | L5: Avance Cualitativo | M5: Avance Cuantitativo OCI | N5: Observaciones OCI | O5: Avance Cuantitativo | P5: Avance Cualitativo | Q5: Avance Cuantitativo OCI | R5: Observaciones OCI | S5: 1er bimestre ene-feb | T5: 2do bimestre mar-abr | U5: 3ro bimestre may-jun | V5: 4to bimestre jul-ago | W5: 5to bimestre sep-oct | X5: 6to bimestre nov-dic
A6: Subcomponente - Proceso 1: Política de Administración de Riesgos | B6: Recibir la asesoría y acompañamiento del Departamento Administrativo de la Función Pública para la implementación de la Guía de Administración de Riesgos emitida en diciembre de 2020. | C6: Capacitación realizada, actas de reunión y/o correos electrónicos | D6: Número de actividades ejecutadas/Número de actividades planeadas | E6: Oficina Asesora de Planeación. | F6: 44316 | S6: 0 | T6: 1 | U6: 1 | V6: 1 | W6: 1 | X6: 1
B7: Presentar para aprobación del Comité Institucional de Coordinación de Control Interno la Política de Administración del Riesgo del Ministerio del Deporte actualizada. | C7: Un (1) Acta de reunión del Comité Institucional de Coordinación de Control Interno | D7: Número de actas de reunión emitidas/Número de actas de reunión programadas | E7: Oficina Asesora de Planeación. | F7: 44500 | S7: 0 | T7: 0 | U7: 1 | V7: 1 | W7: 1 | X7: 1
B8: Actualizar la Política de Administración del Riesgo del Ministerio del Deporte de acuerdo con la versión vigente de la Guía de Administración del Riesgo emitida por el DAFP. | C8: Una (1) política actualizada en ISOLUCION | D8: Número de documentos actualizados en ISOLUCION / Número de documentos proyectados | E8: Oficina Asesora de Planeación. | F8: 44531 | S8: 0 | T8: 0 | U8: 1 | V8: 1 | W8: 1 | X8: 1
B9: Actualizar el procedimiento de administración del riesgo de la entidad y el formato del mapa de riesgos de acuerdo con la versión vigente de la Guía de Administración del Riesgo emitida por el DAFP. | C9: Un (1) procedimiento y un (1) formato actualizados en ISOLUCION | D9: Número de documentos actualizados en ISOLUCION / Número de documentos proyectados | E9: Oficina Asesora de Planeación. | F9: 44545 | S9: 0 | T9: 0 | U9: 1 | V9: 1 | W9: 1 | X9: 1
B10: Socializar la Política, procedimiento y formato asociado con la Administración del Riesgo del Ministerio del Deporte. | C10: Emisión de una (1) pieza de comunicación Entérate cada trimestre, para un total de cuatro (4) en el año | D10: Número de piezas emitidas/Número de piezas proyectadas en el año | E10: Oficina Asesora de Planeación. | F10: 5-mar-21 8-jun-21 30-sep-21 15-dic-21 | S10: 0 | T10: 0.25 | U10: 0.5 | V10: 0.5 | W10: 0.75 | X10: 1
B11: Realizar mesas de trabajo con los responsables y/o enlaces de cada uno de los procesos de la Entidad, para socializar la aplicación de la política, procedimiento y formato de administración del riesgo actualizados.. | C11: Mesas de trabajo realizadas con cada proceso de la Entidad | D11: Número de procesos socializados/Número de total de procesos | E11: Oficina Asesora de Planeación | F11: 44530 | S11: 0 | T11: 0 | U11: 0 | V11: 1 | W11: 1 | X11: 1
A12: Subcomponente - Proceso 2: Construcción del Mapa de Riesgos de Corrupción | B12: Formular el mapa de riesgos institucional de corrupción de la vigencia 2021. | C12: Un (1) mapa de Riesgos de Corrupción Institucional 2021 | D12: Número de documentos formulados / Número de documentos proyectados | E12: Líderes de Proceso / Oficina Asesora de Planeación | F12: 44225 | S12: 1 | T12: 1 | U12: 1 | V12: 1 | W12: 1 | X12: 1
B13: Brindar apoyo y asesoría en la identificación y valoración de riesgos de corrupción a los procesos de la Entidad, de acuerdo con lo requerimientos recibidos. | C13: Mesas de tabajo realizadas de acuerdo a lo requerido por los procesos de la Entidad | D13: Número de mesas de trabajo realizadas / Número de requerimentos recibidos | E13: Oficina Asesora de Planeación | F13: 44545 | S13: 0 | T13: 0 | U13: 0 | V13: 0 | W13: 0 | X13: 1
B14: Actualizar los riesgos de corrupción de los procesos de acuerdo con la politica y procedimiento actualizados, asi como los resultados de la implementación de los planes de tratamiento definidos para los riesgos en caso de requerirse. | C14: Un (1) mapa de Riesgos de Corrupción Institucional actualizado | D14: Número de documento publicado / Número de documento proyectado | E14: Líderes de Proceso / Oficina Asesora de Planeación | F14: 44545 | S14: 0 | T14: 0 | U14: 0 | V14: 0 | W14: 0 | X14: 1
B15: Presentar al CICG Del Contexto estratégico institucional 2021, de acuerdo a las solicitudes realizadas a los líderes de proceso. | C15: Contexto Institucional Actualizado | D15: Número de documento actualizado / Número de documentos proyectados | E15: Líderes de Proceso / Oficina Asesora de Planeación | F15: 44316 | S15: 0 | T15: 1 | U15: 1 | V15: 1 | W15: 1 | X15: 1
A16: Subcomponente - Proceso 3: Consulta y Divulgación | B16: Someter a consulta pública interna y externa el Mapa de Riesgos institucional de Corrupción de la vigencia 2021. | C16: Una (1) Pieza de comunicaciones internas y Una (1) Pieza en la página web | D16: Número de piezas emitidas/Número de piezas proyectadas | E16: Oficina Asesora de Planeación | F16: 44218 | S16: 1 | T16: 1 | U16: 1 | V16: 1 | W16: 1 | X16: 1
B17: Publicar el Mapa de Riesgos institucional de Corrupción de la vigencia 2021. | C17: Publicación en pagina web institucional | D17: Número de documento publicado / Número de documentos proyectados | E17: Oficina Asesora de Planeación | F17: 44225 | S17: 1 | T17: 1 | U17: 1 | V17: 1 | W17: 1 | X17: 1
B18: Realizar la(s) actualización(es) de la publicación del mapa de riesgos institucional de corrupción cuando sea requerido de acuerdo con la politica y procedimiento actualizados, asi como los resultados de la implementación de los planes de tratamiento definidos para los riesgos en caso de requerirse. | C18: Publicación en pagina web | D18: Número de documento publicado / Número de documentos que requieren actualizacion | E18: Oficina Asesora de Planeación | F18: 44545 | S18: 0 | T18: 0 | U18: 0 | V18: 0 | W18: 0 | X18: 1
A19: Subcomponente - Proceso 4: Monitoreo o revisión | B19: Realizar el monitoreo y el reporte de avances en la administración de los riesgos por proceso de la Entidad. | C19: Mapa de riesgos de cada proceso con el reporte de monitoreo cuatrimestral | D19: (Número de procesos*monitoreos realizados) / (Número de procesos *Número de monitoreos proyectados) | E19: Líderes de Proceso | F19: 23-abr-21 20-ago-21 20-dic-21 | S19: 0 | T19: =+(0.333333333333333) -> 0.33333333 | U19: =+(0.333333333333333) -> 0.33333333 | V19: =+(0.666666666666667) -> 0.66666667 | W19: =+(0.666666666666667) -> 0.66666667 | X19: 1
B20: Realizar el seguimiento al monitoreo reportado por los líderes de los procesos. | C20: Consolidado de monitoreo cuatrimestral realizado por los procesos | D20: Número de Reportes consolidado / Número de reportes proyectados | E20: Oficina Asesora de Planeación | F20: 7-may-21 3-sep-21 31-dic-21 | S20: 0 | T20: 0 | U20: =+(0.333333333333333) -> 0.33333333 | V20: =+(0.333333333333333) -> 0.33333333 | W20: =+(0.666666666666667) -> 0.66666667 | X20: 1
A21: Subcomponente -Proceso 5: Seguimiento | B21: En forma cuatrimestral realizar seguimiento al Mapa de Riesgos de Corrupción de la vigencia 2021 para lo cual se emitirara informes y su publicacion. | C21: Dos (2) Informes | D21: Número de Informes realizados/Número de Informes proyectados | E21: Oficina de Control Interno | F21: 15-05-2021 14-09-2021 | S21: 0 | T21: 0 | U21: 0.5 | V21: 0.5 | W21: 1 | X21: 1
S22: =AVERAGE(S7:S21) -> 0.2 | T22: =AVERAGE(T7:T21) -> 0.30555556 | U22: =AVERAGE(U7:U21) -> 0.57777778 | V22: =AVERAGE(V7:V21) -> 0.66666667 | W22: =AVERAGE(W7:W21) -> 0.73888889 | X22: =AVERAGE(X7:X21) -> 1

Sheet 4.1RC
A1: N° | B1: Proceso | C1: Informe de monitoreo MRC
C2: corte 30-abr (33%) | D2: corte 31-ago (33%) | E2: corte 31-dic (33%) | F2: % avance
A3: 1 | B3: Planeación Estratégica | C3: 0.33333333 | D3: 0.33 | F3: =SUM(C3:E3) -> 0.66333333
A4: 3 | B4: Gestión de Comunicaciones | C4: 0.33333333 | D4: 0 | F4: =SUM(C4:E4) -> 0.33333333
A5: 5 | B5: Inspección, Vigilancia y Control | C5: 0.33333333 | D5: 0.33 | F5: =SUM(C5:E5) -> 0.66333333
A6: 6 | B6: Fomento al Desarrollo Humano y Social | F6: =SUM(C6:E6) -> 0
B7: Recreación | C7: 0.33333333 | D7: 0.33333333
B8: Deporte Escolar | C8: 0.33333333 | D8: 0.33333333
B9: Social Comunitario | C9: 0.33333333 | D9: 0.33333333
B10: Actividad Fisica | C10: 0.33333333 | D10: 0.33333333
B11: Fomento al Desarrollo Humano y Social - Programa Superate | C11: 0 | D11: 0.33 | F11: =SUM(C11:E11) -> 0.33
A12: 7 | B12: Altos Logros
B13: Deporte Convencional | C13: 0.33333333 | D13: 0.33 | F13: =SUM(C13:E13) -> 0.66333333
B14: CCD | C14: 0 | D14: 0.33 | F14: =SUM(C14:E14) -> 0.33
B15: Programas y proyectos Deportivos | C15: 0.33333333 | D15: 0.33 | F15: =SUM(C15:E15) -> 0.66333333
B16: Deporte Paralimpico | C16: 0.33333333 | D16: 0.33 | F16: =SUM(C16:E16) -> 0.66333333
B17: Nacional Antidopaje | C17: 0.33333333 | D17: 0.33 | F17: =SUM(C17:E17) -> 0.66333333
B18: Juegos y eventos | C18: 0.33333333 | D18: 0.33 | F18: =SUM(C18:E18) -> 0.66333333
B19: Psicosocial | C19: 0.33333333 | D19: 0.33 | F19: =SUM(C19:E19) -> 0.66333333
A20: 8 | B20: Apoyo en Infraestructura Técnica y Científica
B21: CAR | C21: 0.33333333 | D21: 0 | F21: =SUM(C21:E21) -> 0.33333333
B22: Laboratorio al Dopaje | C22: 0.33333333 | D22: 0 | F22: =SUM(C22:E22) -> 0.33333333
B23: Infraestructura | C23: 0.33333333 | D23: 0 | F23: =SUM(C23:E23) -> 0.33333333
B24: Informacion y Estudios | C24: 0.33333333 | D24: 0 | F24: =SUM(C24:E24) -> 0.33333333
A25: 9 | B25: Servicio Integral al Ciudadano | C25: 0.33333333 | D25: 0.33333333 | F25: =SUM(C25:E25) -> 0.66666667
A26: 10 | B26: Gestión de Tecnologías de la Información y las Comunicaciones | C26: 0.33333333 | D26: 0.33333333 | F26: =SUM(C26:E26) -> 0.66666667
A27: 11 | B27: Gestión del Talento Humano | C27: 0.33333333 | D27: 0.33333333 | F27: =SUM(C27:E27) -> 0.66666667
A28: 12 | B28: Gestión Documental | C28: 0.33333333 | D28: 0.33333333 | F28: =SUM(C28:E28) -> 0.66666667
A29: 13 | B29: Adquisición de Bienes y Servicios | C29: 0.33333333 | D29: 0.33333333 | F29: =SUM(C29:E29) -> 0.66666667
A30: 14 | B30: Gestión Financiera y Tesorería | C30: 0.33333333 | D30: 0.33333333 | F30: =SUM(C30:E30) -> 0.66666667
A31: 15 | B31: Gestión Jurídica | C31: 0.33333333 | D31: 0.33333333 | F31: =SUM(C31:E31) -> 0.66666667
A32: 16 | B32: Gestión de los Recursos Físicos | C32: 0.33333333 | D32: 0.33333333 | F32: =SUM(C32:E32) -> 0.66666667
A33: 17 | B33: Seguimiento y Evaluación de la Gestión | C33: 0.33333333 | D33: 0.33333333 | F33: =SUM(C33:E33) -> 0.66666667
B34: Cumplimiento | C34: =AVERAGE(C3:C33) -> 0.30952381 | D34: =AVERAGE(D3:D33) -> 0.27261905 | F34: =SUM(C34:E34) -> 0.58214286

Sheet 2.Racionalización
A1: PLAN ANTICORRUPCIÓN Y DE ATENCIÓN AL CIUDADANO 2021
G3: Seguimiento Primer Cuatrimestre | K3: Seguimiento Segundo Cuatrimestre | O3: Seguimiento Tercer Cuatrimestre
A4: 2. Racionalización de Trámites | G4: Seguimiento Primera Línea de Defensa Primer Cuatrimestre | I4: Seguimiento Tercera Línea de Defensa Primer Cuatrimestre | K4: Seguimiento Primera Línea de Defensa Segundo Cuatrimestre | M4: Seguimiento Tercera Línea de Defensa Segundo Cuatrimestre | O4: Seguimiento Primera Línea de Defensa Tercer Cuatrimestre | Q4: Seguimiento Tercera Línea de Defensa Tercer Cuatrimestre | S4: Programación Meta Acumulativa
A5: Subcomponente | B5: Actividades | C5: Meta o producto | D5: Indicador | E5: Responsable | F5: Fecha | G5: Avance Cuantitativo | H5: Avance Cualitativo | I5: Avance Cuantitativo OCI | J5: Observaciones OCI | K5: Avance Cuantitativo | L5: Avance Cualitativo | M5: Avance Cuantitativo OCI | N5: Observaciones OCI | O5: Avance Cuantitativo | P5: Avance Cualitativo | Q5: Avance Cuantitativo OCI | R5: Observaciones OCI | S5: 1er bimestre ene-feb | T5: 2do bimestre mar-abr | U5: 3ro bimestre may-jun | V5: 4to bimestre jul-ago | W5: 5to bimestre sep-oct | X5: 6to bimestre nov-dic
A6: Subcomponente 1: Identificación de Trámites | B6: Realizar Diagnóstico de los trámites y servicios en línea ofrecidos por el Ministerio del Deporte. | C6: Un (1)Documento de Diagnostico Realizado | D6: Número de diagnósticos realizados/Número de diagnósticos planeados | E6: Oficina Asesora de Planeación y Líderes de Proceso | F6: 44286 | S6: 0 | T6: 1 | U6: 1 | V6: 1 | W6: 1 | X6: 1
A7: Subcomponente 2: Priorización de Trámites | B7: Formular la Estrategia de trámites de Acuerdo con los resultados obtenidos en el diagnostico y realizar su registro en el aplicativo SUIT. | C7: Un (1) documento de Estrategia de trámites formulada | D7: Número de documentos de estrategias realizadas/Número de estrategias planeadas | E7: Oficina Asesora de Planeación y Líderes de Proceso | F7: 44316 | S7: 0 | T7: 1 | U7: 1 | V7: 1 | W7: 1 | X7: 1
A8: Subcomponente 3: Racionalización de Trámites | B8: Ejecutar las actividades definidas en la Estrategia de Racionalización de Trámites registrada en el aplicativo SUIT. | C8: 100% de la ejecución de acciones de racionalización de la Estrategia Antitrámites | D8: Número de acciones de racionalización realizadas de la estrategia de trámites /Número de acciones de racionalización programadas de la estrategia de trámites | E8: Oficina Asesora de Planeación y Líderes de Proceso | F8: 44530 | S8: 0 | T8: 0 | U8: 0 | V8: 0.5 | W8: 0.5 | X8: 1
S9: =AVERAGE(S6:S8) -> 0 | T9: =AVERAGE(T6:T8) -> 0.66666667 | U9: =AVERAGE(U6:U8) -> 0.66666667 | V9: =AVERAGE(V6:V8) -> 0.83333333 | W9: =AVERAGE(W6:W8) -> 0.83333333 | X9: =AVERAGE(X6:X8) -> 1

Sheet 3.Rendición de Cuentas
A2: PLAN ANTICORRUPCIÓN Y DE ATENCIÓN AL CIUDADANO 2021
G3: Seguimiento Primer Cuatrimestre | K3: Seguimiento Segundo Cuatrimestre | O3: Seguimiento Tercer Cuatrimestre
A4: Componente 3: Rendición de cuentas | G4: Seguimiento Primera Línea de Defensa Primer Cuatrimestre | I4: Seguimiento Tercera Línea de Defensa Primer Cuatrimestre | K4: Seguimiento Primera Línea de Defensa Segundo Cuatrimestre | M4: Seguimiento Tercera Línea de Defensa Segundo Cuatrimestre | O4: Seguimiento Primera Línea de Defensa Tercer Cuatrimestre | Q4: Seguimiento Tercera Línea de Defensa Tercer Cuatrimestre | S4: Programación Meta Acumulativa
A5: Subcomponente | B5: Acción | C5: Meta o producto | D5: Indicador | E5: Responsable | F5: Fecha programada | G5: Avance Cuantitativo | H5: Avance Cualitativo | I5: Avance Cuantitativo OCI | J5: Observaciones OCI | K5: Avance Cuantitativo | L5: Avance Cualitativo | M5: Avance Cuantitativo OCI | N5: Observaciones OCI | O5: Avance Cuantitativo | P5: Avance Cualitativo | Q5: Avance Cuantitativo OCI | R5: Observaciones OCI | S5: 1er bimestre ene-feb | T5: 2do bimestre mar-abr | U5: 3ro bimestre may-jun | V5: 4to bimestre jul-ago | W5: 5to bimestre sep-oct | X5: 6to bimestre nov-dic
A6: Subcomponente 1 Información de calidad y en lenguaje comprensible | B6: Realizar el ejercicio de caracterización de los ciudadanos, usuarios y grupos de interés, de la vigencia 2020 | C6: 29 documentos de caracterización actualizados | D6: Número de caracterizaciones de ciudadanos actualizadas/Número de caracterizaciones de ciudadanos programadas | E6: Todas las dependencias y/o GIT MinDeporte, bajo la articulación de G.I.T Servicio Integral al Ciudadano. | F6: 44438 | S6: 0 | T6: 0 | U6: 0 | V6: 1 | W6: 1 | X6: 1
B7: Informar a la ciudadanía sobre los proyectos y las actividades misionales del Ministerio del Deporte de acuerdo con las funciones otorgadas por Ley, para la vigencia 2021. | C7: Campañas de comunicación para informar a la ciudadanía sobre las acciones realizadas por las áreas misionales durante la vigencia 2021. | D7: Número de campañas realizadas/Número de campañas solicitadas | E7: GIT Comunicaciones | F7: 44530 | S7: 0 | T7: 0 | U7: 0 | V7: 0 | W7: 1 | X7: 1
S8: 0 | T8: 0 | U8: 0 | V8: 0 | W8: 0 | X8: 1
A9: Subcomponente 2. Dialogo de doble vía con la ciudadania y sus organizaciones. | B9: Realizar la consulta a los grupos de valor para la definición de los temas sobre los cuales abordar la rendición de cuentas. | C9: Un (1) foro con los grupos de valor | D9: Número de foros realizados / Número de foros programados | E9: GIT Servicio Integral al Ciudadano . GIT Comunicaciones con el apoyo de todos los GIT de MinDeporte. | F9: 44316 | S9: 0 | T9: 1 | U9: 1 | V9: 1 | W9: 1 | X9: 1
B10: Realizar la Audiencia Pública de Rendición de Cuentas de la Vigencia 2020 | C10: Una (1)Audiencia Pública | D10: Número de audiencias públicas realizadas / Número de audiencias públicas programadas | E10: Todas las Areas del Ministerios / Lidera Oficina Asesora de Planeación y G.I.T Comunicaciones | F10: 44438 | S10: 0 | T10: 0 | U10: 0 | V10: 1 | W10: 1 | X10: 1
B11: Implementar mecanismos de información para la participación de los grupos de valor caracterizados y la ciudadanía | C11: Diseñar e implementar un (1) plan de comunicaciones para la Estrategia de Rendición de Cuentas de la vigencia. | D11: Número de planes de comunicacion implementados/ Número de planes de comunicaciones programados | E11: GIT Comunicaciones/ Oficina Asesora de Planeacion | F11: 44545 | S11: 0 | T11: 0 | U11: 1 | V11: 1 | W11: 1 | X11: 1
B12: Generar espacios de rendición de cuentas con grupos de valor | C12: Difusión de las convocatorias sobre ejercicios de rendición de cuentas | D12: Número de convocatorias difundidas/Número de ejercicios de rendición de cuentas programadas en la estrategia | E12: GIT Comunicaciones con los reportes de todos los GIT de MinDeporte. | F12: 44530 | S12: 0 | T12: 0 | U12: 0 | V12: 0 | W12: 0 | X12: 1
C13: Publicación de los informes sobre las conclusiones generadas en cada encuentro de diálogo con los grupos de valor. | D13: Número de informes publicados /Número de informes generados de ejercicios de rendición de cuentas | E13: GIT Comunicaciones con los reportes de todos los GIT de MinDeporte. | F13: 44530 | S13: 0 | T13: 0 | U13: 0 | V13: 0 | W13: 0 | X13: 1
C14: Espacios de socialización e interacción con la ciudadanía dispuestos desde las plataformas y canales electrónicos del Ministerio | D14: : Número de espacios de socialización dispuestos en plataforma / número de espacios de socialización e interacción solicitados. | E14: GIT Comunicaciones/Servicio Integral al Ciudadano | F14: 44530 | S14: 0 | T14: 0 | U14: 0 | V14: 0 | W14: 0 | X14: 1
A15: Subcomponente 3 Incentivos para motivar la cultura de la rendición y petición de cuentas | B15: Realizar campañas de comunicación interna sobre la importancia de la Rendición de Cuentas | C15: Dos (2) campañas realizadas | D15: Número de campañas realizadas/Número de campañas programadas | E15: Oficina Asesora de Planeación / GIT Comunicaciones | F15: 44530 | S15: 0 | T15: 0 | U15: 0 | V15: 0 | W15: 0 | X15: 1
A16: Subcomponente 4 Evaluación y retroalimentación a la gestión institucional | B16: Consolidar y publicar el informe de acciones de la audiencia pública | C16: Un (1 )informe publicado y socializado de la audiencia pública | D16: Número de informes publicados/Número de informes consolidados | E16: Oficina Asesora de Planeación / GIT Comunicaciones | F16: 44530 | S16: 0 | T16: 0 | U16: 0 | V16: 0 | W16: 0 | X16: 1
B17: Realizar seguimiento y evaluación de la Estrategia de rendición de cuentas | C17: Un (1 )informe de seguimiento a las actividades de la Estrategia de Rendición de Cuentas publicados en la página web | D17: Número de informes de seguimiento elaborados/Número de informes de seguimiento programados | E17: Oficina Asesora de Planeación | F17: 44561 | S17: 0 | T17: 0 | U17: 0 | V17: 0 | W17: 0 | X17: 1
B18: Realizar un ejercicio de rendición de cuentas sobre la gestión contractual, financiera, de trámite y gestión de peticiones del Ministerio. | C18: Un (1) foro con los grupos de valor | D18: Número de foros realizados con los grupos de valor/ Número de foros programados con los grupos de valor | E18: Secretaría General- GIT Financiera, GIT Contratación y GIT Servicio al Ciduadano | F18: 44530 | S18: 0 | T18: 0 | U18: 0 | V18: 0 | W18: 0 | X18: 1
B19: Identificar las oportunidades de mejora, resultado de la evaluación de ejercicios de Rendicion de cuentas y documentar los planes de accion que sean adecuados | C19: Un (1) documento con oportunidades de mejora y recomendaciones. | D19: Número de documentos de oportunidades de mejora realizados/ Número de documentos de oportunidades de mejora programados | E19: Oficina Asesora de Planeación. GIT Servicio Integral al ciudadano | F19: 44561 | S19: 0 | T19: 0 | U19: 0 | V19: 0 | W19: 0 | X19: 1
B20: Elaborar y publicar el informe de rendición de cuentas de la vigencia 2020 con relación a los compromisos adquiridos y acciones realizadas en el marco del Acuerdo de Paz. | C20: Un (1)Informe de seguimiento a los Acuerdos de Paz | D20: Número de Informes de seguimiento a los Acuerdos de Paz realizados y publicados/ Número de Informes de seguimiento a los Acuerdos de Paz programados | E20: Oficina Asesora de Planeación- GIT Comunicaciones | F20: 44316 | S20: 0 | T20: 1 | U20: 1 | V20: 1 | W20: 1 | X20: 1
B21: Consolidar y publicar el informe de acciones de la audiencia pública, y documentar las debilidades y fortalezas de la entidad en ejercicio de rendición de cuentas del año 2021. | C21: Un (1) Informe publicado y socializado | D21: Número de informes realizados consolidados y publicados/Número de informes programados | E21: Oficina Asesora de Planeación- GITComunicaciones | F21: 44530 | S21: 0 | T21: 0 | U21: 0 | V21: 0 | W21: 0 | X21: 1
B22: Realizar seguimiento a los avances de las acciones realizadas durante el año 2021 relacionados con la implementación del Acuerdo de Paz asignados al Ministerio del Deporte. | C22: Un (1)Informe de Seguimiento a los avances del Acuerdos de Paz | D22: Número de informes de seguimiento a los avances de acuerdos de paz realizados /Número de informes de seguimiento a los avances de acuerdos de paz programados | E22: Oficina Asesora de Planeación | F22: 44561 | S22: 0 | T22: 0 | U22: 0 | V22: 0 | W22: 0 | X22: 1
B23: Realizar la evaluacion de las actividades suscritas en el componente de rendición de cuentas en el marco del seguimiento al Plan Anticorrupción y de Atención al Ciudadano. | C23: Dos (2) Informes | D23: Número de Informes realizados/Número de Informes proyectados | E23: Oficina de Control Interno | F23: 15/05/2021 14/09/2021 | S23: 0 | T23: 0 | U23: 0.5 | V23: 0.5 | W23: 1 | X23: 1
S24: =AVERAGE(S6:S23) -> 0 | T24: =AVERAGE(T6:T23) -> 0.11111111 | U24: =AVERAGE(U6:U23) -> 0.19444444 | V24: =AVERAGE(V6:V23) -> 0.30555556 | W24: =AVERAGE(W6:W23) -> 0.38888889 | X24: =AVERAGE(X6:X23) -> 1

Sheet 2.1 RdeC
A1: N° | B1: Proceso | C1: Área | D1: Informes 1er semestral 2019 por área misional (50 ptos)
A2: 1 | B2: Formulación y Adopción de Políticas, Planes y Programas | C2: Subdirección | D2: 50
A3: 2 | B3: Altos Logros | C3: Dirección Técnica de Posicionamiento | D3: 50
A4: 3 | B4: Inspección, Vigilancia y Control | C4: Dirección Técnica de IVC | D4: 50
A5: 4 | B5: Fomento al Desarrollo Humano y Social | C5: Dirección Técnica de Fomento | D5: 50
A6: 5 | B6: Apoyo en Infraestructura Técnica y Científica | C6: Dirección Técnica de Rec y Herram | D6: 50
A7: 6 | B7: Servicio Integral al Ciudadano | C7: GIT Atención al Ciudadano | D7: 50
C8: Promedio cumplimiento | D8: =AVERAGE(D2:D7) -> 50
A10: N° | B10: Proceso | C10: Área | D10: Informe 1er semestre 2019 sobre las estrategias virtuales implementadas (50 ptos)
A11: 1 | C11: Dirección - Cooperación | D11: 50
A12: 2 | B12: Planeación Estratégica | C12: Oficina Asesora de Planeación | D12: 50
A13: 3 | B13: Gestión Organizacional | C13: Oficina Asesora de Planeación | D13: 50
A14: 4 | B14: Gestión de Comunicaciones | C14: GIT Comunicaciones | D14: 50
A15: 5 | B15: Gestión de Tecnologías de la Información y las Comunicaciones | C15: GIT de TIC's | D15: 50
A16: 6 | B16: Gestión del Talento Humano | C16: GIT de TH | D16: 50
A17: 7 | B17: Gestión Documental | C17: GIT de Administrativa | D17: 50
A18: 8 | B18: Adquisición de Bienes y Servicios | C18: GIT de Administrativa | D18: 50
A19: 9 | B19: Gestión Financiera y Tesorería | C19: GIT de Financiera y Presupuesto GIT de Tesoreria | D19: 50
A20: 10 | B20: Gestión Jurídica | C20: Oficina Asesora Jurídica | D20: 50
A21: 11 | B21: Gestión de los Recursos Físicos | C21: GIT de Administrativa | D21: 50
A22: 12 | B22: Seguimiento y Evaluación de la Gestión | C22: OCI | D22: 50
C23: Promedio cumplimiento | D23: =AVERAGE(D11:D22) -> 50
C24: Cumplimiento total | D24: =+D8+D23 -> 100

Sheet 4.Atencion al Ciudadano
A2: PLAN ANTICORRUPCIÓN Y DE ATENCIÓN AL CIUDADANO 2021
G3: Seguimiento Primer Cuatrimestre | K3: Seguimiento Segundo Cuatrimestre | O3: Seguimiento Tercer Cuatrimestre
A4: Componente 4: Atención al ciudadano | G4: Seguimiento Primera Línea de Defensa Primer Cuatrimestre | I4: Seguimiento Tercera Línea de Defensa Primer Cuatrimestre | K4: Seguimiento Primera Línea de Defensa Segundo Cuatrimestre | M4: Seguimiento Tercera Línea de Defensa Segundo Cuatrimestre | O4: Seguimiento Primera Línea de Defensa Tercer Cuatrimestre | Q4: Seguimiento Tercera Línea de Defensa Tercer Cuatrimestre | V4: Programación Meta Acumulativa
A5: Subcomponente | B5: Acción | C5: Meta o producto | D5: Indicador | E5: Responsable | F5: Fecha programada | G5: Avance Cuantitativo | H5: Avance Cualitativo | I5: Avance Cuantitativo OCI | J5: Observaciones OCI | K5: Avance Cuantitativo | L5: Avance Cualitativo | M5: Avance Cuantitativo OCI | N5: Observaciones OCI | O5: Avance Cuantitativo | P5: Avance Cualitativo | Q5: Avance Cuantitativo OCI | R5: Observaciones OCI | V5: 1er bimestre ene-feb | W5: 2do bimestre mar-abr | X5: 3ro bimestre may-jun | Y5: 4to bimestre jul-ago | Z5: 5to bimestre sep-oct | AA5: 6to bimestre nov-dic
A6: Subcomponente 1 Estructura administrativa y Direccionamiento estratégico | B6: Diseñar el modelo para el desarrollo de la Cultura de Servicio en el Ministerio del Deporte | C6: Un (1) Documento del diseño del modelo | D6: Documento de diseño elaborado/Documento de diseño programado | E6: GIT Servicio Integral al Ciudadano | F6: 44408 | V6: 0 | W6: 0 | X6: 0 | Y6: 1 | Z6: 1 | AA6: 1
B7: Formular y adoptar la Política de Servicio al Ciudadano y de Participación Ciudadana del sector deporte, recreación, actividad física y aprovechamiento del tiempo libre con horizonte a 2024, con base en el Plan Estratégico Institucional - PEI. | C7: Un (1) documento de la politica formulada | D7: Documento de Política elaborada/ Documento de Política programada | E7: GIT Servicio Integral al Ciudadano | F7: 44530 | V7: 0 | W7: 0 | X7: 0 | Y7: 0 | Z7: 0 | AA7: 1
B8: Solicitar concepto al Departamento Administrativo de la Función Pública , frente a la creación de la Oficina de Relación con el Ciudadano de conformidad con el artículo 17 de la Ley 2052 de 2020 vs la estuctura actual del GIT de Servicio al Ciudadano. | C8: Un (1) concepto solicitado al DAFP | D8: Concepto solicitado/Concepto programado | E8: Oficina Asesora de Planeación | F8: 44285 | V8: 0 | W8: 1 | X8: 1 | Y8: 1 | Z8: 1 | AA8: 1
A9: Subcomponente 2 Fortalecimiento de los canales de atención | B9: Implementar mejoras a los sistemas de información; que permitan el seguimiento a peticiones incompletas y a negaciones de acceso a la información. | C9: Dos (2)mejoras implementadas en GESDOC | D9: Número de mejoras en GESDOC implementadas/Número de mejoras en GESDOC programadas | E9: GIT Servicio Integral al Ciudadano / GIT Gestión Administrativa | F9: 44530 | V9: 0 | W9: 0 | X9: 1 | Y9: 1 | Z9: 1 | AA9: 1
B10: Realizar capacitación en el curso de lenguaje claro brindado por el Departamento Nacional de Planeación | C10: Una (1) capacitación realizada en curso de lenguaje claro incluido | D10: Número de capacitaciones realizadas en el curso de lenguaje claro/Número de capacitaciones programadas en el curso de lenguaje claro | E10: GIT Talento Humano | F10: 44377 | V10: 0 | W10: 0 | X10: 1 | Y10: 1 | Z10: 1 | AA10: 1
B11: Realizar la actualización y publicación de la carta del trato digno. | C11: Un (1) documento actualizado y publicado en la página web | D11: Número de documentos actualizados y publicados en la página web/Número de documentos programados | E11: GIT Servicio Integral al Ciudadano | F11: 44346 | V11: 0 | W11: 0 | X11: 1 | Y11: 1 | Z11: 1 | AA11: 1
B12: Diseñar y aplicar una encuesta de percepción de calidad, sobre Transparencia y acceso a la información en su sitio Web oficial | C12: Un (1) informe de los resultados de la aplicación de la encuesta | D12: Número de Informes realizados/Número de Informes programados | E12: GIT Servicio Integral al Ciudadano | F12: 44438 | V12: 0 | W12: 0 | X12: 0 | Y12: 1 | Z12: 1 | AA12: 1
B13: Divulgar los protocolos de atención de servicio al ciudadano del Ministerio con el personal de vigilancia de la entidad. | C13: Una (1) capacitación realizada | D13: Número de capacitaciones realizadas/Número de capacitaciones programadas | E13: GIT Servicio Integral al Ciudadano | F13: 44469 | V13: 0 | W13: 0 | X13: 1 | Y13: 1 | Z13: 1 | AA13: 1
B14: Promocionar los mecanismos con los que cuenta el ciudadano para la presentación de denuncias por actos de corrupción. | C14: Una (1) campaña de promoción de información por la página web | D14: Campañas realizadas/Campañas programadas | E14: GIT Servicio Integral al Ciudadano | F14: 44438 | V14: 0 | W14: 0 | X14: 1 | Y14: 1 | Z14: 1 | AA14: 1
A15: Subcomponente 3 Talento Humano y Atención al ciudadano | B15: Elaborar, de manera coordinada con las distintas dependencias, los calendarios de eventos del Ministerio en la vigencia 2021, para efectos de su publicación en página web. | C15: Dos (2) Calendarios de eventos publicado en la pagina web según reporte de las direcciones técnicas | D15: Número de Calendarios de eventos publicados en la pagina web /Número de Calendarios programados | E15: GIT Servicio Integral al Ciudadano/ GIT Comunicaciones | F15: 44530 | V15: 0 | W15: 0 | X15: 0 | Y15: 0 | Z15: 0 | AA15: 1
B16: Formular y publicar el Plan de Participación Ciudadana de la vigencia del Ministerio del Deporte | C16: Un plan de participación publicado en la página web | D16: Número de Planes publicados/Número de planes programados | E16: GIT Servicio Integral al Ciudadano | F16: 44377 | V16: 0 | W16: 0 | X16: 1 | Y16: 1 | Z16: 1 | AA16: 1
B17: Desarrollar los ejercicios de participación ciudadana establecidos en el Plan de Participación Ciudadana de la entidad. | C17: 100% de reportes de ejecución de EPC publicados en la página web oficial | D17: Número de Reportes de ejecución de EPC publicados en la página web oficial/Número de Reportes de ejecución de EPC generados | E17: GIT responsables de ejecución de los ejercicios de participación en el Plan de Participación Ciudadana bajo la articulación de G.I.T Servicio Integral al Ciudadano. | F17: 44545 | V17: 0 | W17: 0 | X17: 0 | Y17: 0 | Z17: 0 | AA17: 1
B18: Implementar espacios de participación para la construcción del Plan de Acción 2022 de la entidad, en conjunto con los GIT Servicio Integral al ciudadano y Comunicaciones | C18: Un (1) foro realizado | D18: Número de foros realizados/Número de foros programados | E18: Oficina Asesora de Planeación | F18: 44545 | V18: 0 | W18: 0 | X18: 0 | Y18: 0 | Z18: 0 | AA18: 1
B19: Gestionar asesoria con las entidades correspondientes, en alguno de los siguientes temas: *Discapacidad física *Discapacidad psicosocial (mental) o intelectual (cognitiva) *Grupos étnicos | C19: un (1) acta de reunión con el registro de la asesoría brindada por las entidades. | D19: Número de actas de asesorias brindadas por las entidades/Número de actas de asesorias programadas por las entidades | E19: GIT - Servicio Integral al Ciudadano | F19: 44469 | V19: 0 | W19: 0 | X19: 0 | Y19: 0 | Z19: 1 | AA19: 1
B20: Realizar una adecuación física a la sede de la entidad de acuerdo con la NTC 6047, de acuerdo al diagnóstico existente. | C20: una (1) adecuación física realizada | D20: Número de adecuaciones realizadas/Número de adecuaciones programadas | E20: GIT Gestión Administrativa | F20: 44545 | V20: 0 | W20: 0 | X20: 0 | Y20: 0 | Z20: 0 | AA20: 1
B21: Realizar una adecuación tecnológica que permita y facilite la comunicación de personas con discapacidad visual o auditiva conforme a la NTC 5854. | C21: una (1) adecuación tecnólogica realizada | D21: Número de adecuaciones realizadas/Número de adecuaciones programadas | E21: GIT TICs y GIT Comunicaciones | F21: 44545 | V21: 0 | W21: 0 | X21: 0 | Y21: 0 | Z21: 0 | AA21: 1
B22: Formar a los funcionarios en Lengua de Señas Colombiana, con el propósito de desarrollar destrezas y habilidades para comunicarse con la población sorda, contribuir a una atención inclusiva, divulgar la información y ofrecer los servicios prestados por la entidad. | C22: Un (1) curso realizado | D22: Número de cursos realizados/número de cursos programados | E22: GIT Talento Humano | F22: 44545 | V22: 0 | W22: 0 | X22: 0 | Y22: 0 | Z22: 0 | AA22: 1
B23: Incluir incentivos especiales para el personal de servicio al ciudadano, de acuerdo con lo previsto en el marco normativo vigente en el plan de incentivos. | C23: Plan Institucional de Estímulos e Incentivos de la vigencia con incentivos especiales para el personal de servicio al ciudadano | D23: Número de Planes con la inclusión de los incentivos /Número de planes programados a incluir incentivos | E23: GIT Talento Humano | F23: 44545 | V23: 0 | W23: 0 | X23: 0 | Y23: 0 | Z23: 0 | AA23: 1
A24: Subcomponente 4 Normativo y Procedimental | B24: Realizar la actualización del procedimiento de Recepción, Trámite y seguimiento de peticiones. | C24: un (1) Procedimiento actualizado en ISOLUCION | D24: Número de Procedimiento actualizados/Número de Procedimiento programados | E24: GIT - Servicio Integral al Ciudadano | F24: 44545 | V24: 0 | W24: 0 | X24: 0 | Y24: 0 | Z24: 1 | AA24: 1
B25: Realizar la actualización de la resolución No. 1996 de 2019 mediante la cual se "Reglamenta el trámite y respuesta de las peticiones en el Ministerio del Deporte". | C25: una (1) resolución expedida | D25: Resolución expedida/ Resolución programada | E25: GIT - Servicio Integral al Ciudadano | F25: 44499 | V25: 0 | W25: 0 | X25: 1 | Y25: 1 | Z25: 1 | AA25: 1
B26: Publicar en la página web del Ministerio del Deporte ,la agenda regulatoria de la entidad. | C26: Dos (2) Publicaciones realizadas en la página web | D26: Número de publicaciones realizadas en la página web/Número de publicaciones programadas | E26: Oficina Asesora Jurídica | F26: 31/10/2021 15/12/2021 | V26: 0 | W26: 0 | X26: 0 | Y26: 0 | Z26: 0.5 | AA26: 1
B27: Reglamentar la consulta pública de proyectos normativos expedidos por el Ministerio del Deporte. | C27: un (1) Procedimiento actualizado en ISOLUCION | D27: Número de documentos actualizados en ISOLUCION / Número de documentos proyectados | E27: Oficina Asesora Jurídica | F27: 44438 | V27: 0 | W27: 0 | X27: 0 | Y27: 1 | Z27: 1 | AA27: 1
A28: Subcomponente 5 Relacionamiento con el ciudadano | B28: Divulgar la Política de Tratamiento de datos personales. | C28: una (1) pieza comunicativa de divulgación de la Política de Tratamiento de Datos Personales | D28: Número de piezas de divulgación /Número de piezas de divulgación programadas | E28: Oficina Asesora Jurídica/GIT Servicio Integral al Ciudadano/ GIT Comunicaciones | F28: 44526 | V28: 0 | W28: 0 | X28: 0 | Y28: 0 | Z28: 1 | AA28: 1
B29: Capacitar a los grupos de valor con el propósito de cualificar los procesos de participación ciudadana y fomentar el control social a la gestión pública. | C29: Una (1) capacitación realizada | D29: Número de capacitación realizadas a los grupos de valor/Número de capacitación programadas a los grupos de valor | E29: GIT Servicio Integral al Ciudadano | F29: 44545 | V29: 0 | W29: 0 | X29: 0 | Y29: 0 | Z29: 0 | AA29: 1
B30: Medir la percepción de la calidad en el servicio en los diferentes procesos, proyectos, actividades y eventos institucionales, de acuerdo al calendario de eventos de la entidad, así como en los trámites y servicios inscritos en el SUIT . | C30: Cuatro (4) informes trimestrales de gestión con un componente relacionado con la percepción de la calidad en trámites y servicios | D30: Número de Informes trimestrales de gestión realizados/ Número de Informes de gestión programados | E30: Todos los GIT de MinDeporte bajo la articulación de G.I.T Servicio Integral al Ciudadano. | F30: 31/01/2021 30 /04/2021 31 /07/2021 31 /10/2021 | V30: 0.25 | W30: 0.5 | X30: 0.5 | Y30: 0.75 | Z30: 1 | AA30: 1
V31: =AVERAGE(V6:V30) -> 0.01 | W31: =AVERAGE(W6:W30) -> 0.06 | X31: =AVERAGE(X6:X30) -> 0.34 | Y31: =AVERAGE(Y6:Y30) -> 0.47 | Z31: =AVERAGE(Z6:Z30) -> 0.62 | AA31: =AVERAGE(AA6:AA30) -> 1

Sheet 5.Transparencia 
A2: PLAN ANTICORRUPCIÓN Y DE ATENCIÓN AL CIUDADANO 2021
G3: Seguimiento Primer Cuatrimestre | K3: Seguimiento Segundo Cuatrimestre | O3: Seguimiento Tercer Cuatrimestre
A4: Componente 5: Transparencia y Acceso a la información | G4: Seguimiento Primera Línea de Defensa Primer Cuatrimestre | I4: Seguimiento Tercera Línea de Defensa Primer Cuatrimestre | K4: Seguimiento Primera Línea de Defensa Segundo Cuatrimestre | M4: Seguimiento Tercera Línea de Defensa Segundo Cuatrimestre | O4: Seguimiento Primera Línea de Defensa Tercer Cuatrimestre | Q4: Seguimiento Tercera Línea de Defensa Tercer Cuatrimestre | T4: Programación Meta Acumulativa
A5: Subcomponente | B5: Acción | C5: Meta o producto | D5: Indicador | E5: Responsable | F5: Fecha | G5: Avance Cuantitativo | H5: Avance Cualitativo | I5: Avance Cuantitativo OCI | J5: Observaciones OCI | K5: Avance Cuantitativo | L5: Avance Cualitativo | M5: Avance Cuantitativo OCI | N5: Observaciones OCI | O5: Avance Cuantitativo | P5: Avance Cualitativo | Q5: Avance Cuantitativo OCI | R5: Observaciones OCI | T5: 1er bimestre ene-feb | U5: 2do bimestre mar-abr | V5: 3ro bimestre may-jun | W5: 4to bimestre jul-ago | X5: 5to bimestre sep-oct | Y5: 6to bimestre nov-dic
A6: Subcomponente 1 Lineamientos de Transparencia Activa | B6: Actualizar la matriz de publicación de información (Esquema de Información) por dependencia y área responsable. | C6: Una (1) Matriz actualizada | D6: Matriz actualizada/Matriz programada | E6: Oficina Asesora de Planeación / GIT Comunicaciones | F6: 44530 | T6: 0 | U6: 0 | V6: 0 | W6: 0 | X6: 0 | Y6: 1
B7: Realizar seguimiento y monitoreo a la información mínima que debe estar publicada en la sección de transparencia y acceso a la información pública de acuerdo a lo definido en la ley 1712 de 2014 y sus decretos reglamentarios. | C7: Tres (3) seguimientos realizado mediante reportes | D7: Número de reportes realizados de seguimiento y monitoreo a la información mínima que debe estar publicada en la sección de transparencia y acceso a la información pública / Número de reportes programados para el seguimiento y monitoreo a la información mínima que debe estar publicada en la sección de transparencia y acceso a la información pública | E7: Oficina Asesora de Planeación / GIT Comunicaciones | F7: 44530 | T7: 0 | U7: 0 | V7: 0 | W7: 0 | X7: 0 | Y7: 1
A8: Subcomponente 2 Lineamientos de Transparencia Pasiva | B8: Publicar y actualizar los conjuntos de Datos abiertos identificados por la entidad. | C8: Dos (2) Actualizaciones de conjuntos de datos. | D8: Número de actualizaciones realizadas a conjuntos de datos abiertos identificados por la entidad /Número de conjuntos de datos abiertos identificados por la entidad. | E8: GIT-TICS y Oficina Asesora de Planeación | F8: 44545 | T8: 0 | U8: 0 | V8: 0 | W8: 0 | X8: 0 | Y8: 1
B9: Presentar los informes trimestrales sobre la gestión interna de las PQRS y el servicio al ciudadano de la Entidad, incorporando un componente relacionado con la percepción de la calidad en tramites y servicios, así como las recomendaciones que surjan desde el análisis de gestión, para mejorar el servicio e incentivar la participación en la gestión pública, que incluya lo siguiente: - Recomendaciones de la entidad sobre los trámites y servicios con mayor número de quejas y reclamos. - Recomendaciones de los particulares dirigidas a mejorar el servicio que preste la entidad. - Recomendaciones de los particulares dirigidas a incentivar la participación en la gestión pública. - Recomendaciones de los particulares dirigidas a racionalizar el empleo de los recursos disponibles | C9: cuatro (4) informes de gestión presentados | D9: Número de informes de gestión realizados/Número de Informes de gestión proyectados | E9: GIT Servicio Integral al Ciudadano | F9: 31/01/2021 30 /04/2021 31 /07/2021 31 /10/2021 | T9: 0.25 | U9: 0.5 | V9: 0.5 | W9: 0.75 | X9: 1 | Y9: 1
A10: Subcomponente 3 Elaboración los Instrumentos de Gestión de la Información | B10: Realizar seguimiento semestral a la implementación del Plan Institucional de Archivos (PINAR) y Programa de Gestión Documental (PGD) | C10: Dos (2) informes semestrales socializando los resultados obtenidos producto del seguimiento | D10: Número de informes de implementación del PINAR realizados/Número de Informes implementación del PINAR proyectados | E10: GIT de Gestión Documental | F10: 30/06/2021 15/12/2021 | T10: 0 | U10: 0 | V10: 0.5 | W10: 0.5 | X10: 0.5 | Y10: 1
B11: Realizar la socialización de la Politica de Gestión Documental | C11: Una (1) Socialización de la politica de gestión documental | D11: Número de Socializaciones de la politica de gestión documental realizadas/Número de Socializaciones de la politica de gestión documental programadas | E11: GIT de Gestión Documental | F11: 44377 | T11: 0 | U11: 0 | V11: 1 | W11: 1 | X11: 1 | Y11: 1
B12: Elaboración y publicación matriz activos de información . | C12: Una(1) matriz activos de información | D12: Matriz activos de información elaborada y publicada/Matriz activos de información programada | E12: GIT de Gestión Documental - GIT TIC´s | F12: 44545 | T12: 0 | U12: 0 | V12: 0 | W12: 0 | X12: 0 | Y12: 1
B13: Centralización de archivos de Gestión de acuerdo a las Tablas de Retención Documental. | C13: Formato Único de Inventario Documental (FUID). Un (1) Informe consolidado del estado en que se entrego el archivo de gestión al archivo central . | D13: Número de FUID e informe consolidado del archivo de gestión realizado/Número de FUID e informe consolidado del archivo de gestión programado | E13: GIT Gestión documental | F13: 44545 | T13: 0 | U13: 0 | V13: 0 | W13: 0 | X13: 0 | Y13: 1
B14: Seguimiento al plan de seguridad y privacidad de la información. | C14: Un (1)Informe de seguimiento de acuerdo a cronograma. | D14: Número de Informes elaborados de seguimiento al plan de seguridad y privacidad de la información/Número de Informes programados de seguimiento al plan de seguridad y privacidad de la información | E14: GIT-TICS | F14: 44545 | T14: 0 | U14: 0 | V14: 0 | W14: 0 | X14: 0 | Y14: 1
A15: Subcomponente 4. Criterio diferencial de accesibilidad. | B15: Promover la Ley de transparencia y acceso a información pública, mediante capacitaciones a sus funcionarios y contratistas | C15: Dos (2) capacitaciones de ley de transparencia con los actores principales | D15: Número de capacitaciones en Ley de Transparencia realizadas/ Número de capacitaciones en Ley de Transparencia programadas. | E15: Oficina Asesora de Planeación. | F15: 30/06/2021 31/12/2021 | T15: 0 | U15: 0 | V15: 0.5 | W15: 0.5 | X15: 0.5 | Y15: 1
B16: Actualizar de manera permanente, el portal del Ministerio del Deporte con los criterios de Accesibilidad definidos en la NTC 5854. | C16: Tres (3) reportes de los Criterios de accesibilidad definidos y aplicados | D16: Número de reportes realizados de Criterios de accesibilidad definidos y aplicados / Número de reportes programados Criterios de accesibilidad definidos y aplicados | E16: GIT Comunicaciones y GIT Tics | F16: 44530 | T16: 0 | U16: 0 | V16: 0 | W16: 0 | X16: 0 | Y16: 1
A17: Subcomponente 5 Monitoreo del Acceso a la Información Pública | B17: Diseñar, publicar y aplicar encuesta de satisfacción a los ciudadanos, sobre transparencia y acceso a la información publica de la entidad, orientado a la imagen de la entidad. | C17: Una (1) encuesta de percepción | D17: Número de encuestas aplicadas/Número de encuestas programadas | E17: Oficina Asesora de Planeación, GIT Comunicaciones y GIT Servicio Integral al Ciudadano | F17: 44499 | T17: 0 | U17: 0 | V17: 0 | W17: 0 | X17: 1 | Y17: 1
B18: Informar a la Alta Dirección los resultados del seguimiento al cumplimiento de publicación de información mínima | C18: Dos informes (corte feb y ago) | D18: Número de Informes realizados/Número de Informes proyectados | E18: Oficina de Control Interno | F18: 44545 | T18: 0 | U18: 0 | V18: 0 | W18: 0 | X18: 0 | Y18: 1
T19: =AVERAGE(T6:T18) -> 0.019230769 | U19: =AVERAGE(U6:U18) -> 0.038461538 | V19: =AVERAGE(V6:V18) -> 0.19230769 | W19: =AVERAGE(W6:W18) -> 0.21153846 | X19: =AVERAGE(X6:X18) -> 0.30769231 | Y19: =AVERAGE(Y6:Y18) -> 1

Sheet 6. Iniciativas adicionales.
A2: PLAN ANTICORRUPCIÓN Y DE ATENCIÓN AL CIUDADANO 2021
G3: Seguimiento Primer Cuatrimestre | K3: Seguimiento Segundo Cuatrimestre | O3: Seguimiento Tercer Cuatrimestre
A4: Componente 6: Iniciativas Adicionales | G4: Seguimiento Primera Línea de Defensa Primer Cuatrimestre | I4: Seguimiento Tercera Línea de Defensa Primer Cuatrimestre | K4: Seguimiento Primera Línea de Defensa Segundo Cuatrimestre | M4: Seguimiento Tercera Línea de Defensa Segundo Cuatrimestre | O4: Seguimiento Primera Línea de Defensa Tercer Cuatrimestre | Q4: Seguimiento Tercera Línea de Defensa Tercer Cuatrimestre | S4: Programación Meta Acumulativa
A5: Subcomponente | B5: Acción | C5: Meta o producto | D5: Indicador | E5: Responsable | F5: Fecha | G5: Avance Cuantitativo | H5: Avance Cualitativo | I5: Avance Cuantitativo OCI | J5: Observaciones OCI | K5: Avance Cuantitativo | L5: Avance Cualitativo | M5: Avance Cuantitativo OCI | N5: Observaciones OCI | O5: Avance Cuantitativo | P5: Avance Cualitativo | Q5: Avance Cuantitativo OCI | R5: Observaciones OCI | S5: 1er bimestre ene-feb | T5: 2do bimestre mar-abr | U5: 3ro bimestre may-jun | V5: 4to bimestre jul-ago | W5: 5to bimestre sep-oct | X5: 6to bimestre nov-dic
A6: Iniciativas adicionales | B6: Publicar el banco de conceptos jurídicos en la página web del Ministerio del Deporte. | C6: Dos (2) Publicaciones en la página web del Ministerio | D6: Número de publicaciones realizadas en página web del banco de conceptos/Número de publicaciones programadas del banco de conceptos. | E6: Oficina Asesora Jurídica | F6: 44545 | S6: 0 | T6: 0 | U6: 0 | V6: 0 | W6: 0 | X6: 1
B7: Realizar estrategias de comunicación (por diferentes medios) y sensibilización relacionadas con los temas de código de Integridad y conflicto de intereses. | C7: 3 Campañas por cada eje | D7: Número de campañas realizadas/Número de campañas programadas | E7: GIT Comunicaciones | F7: 44469 | S7: 0 | T7: 0 | U7: 0 | V7: 0 | W7: 1 | X7: 1
B8: Implementar acciones de capacitación sobre la gestión de conflictos de intereses, su declaración proactiva, el cumplimiento de la Ley 2013 de 2019 y el trámite de los impedimentos y recusaciones de acuerdo al artículo 12 de la Ley 1437 de 2011 a través del plan de capacitación institucional | C8: Dos (2) capacitaciones realizadas | D8: Número de capacitaciones realizadas/Número de capacitaciones programadas | E8: GIT Gestión del Talento Humano | F8: 44362 | S8: 0 | T8: 0 | U8: 1 | V8: 1 | W8: 1 | X8: 1
B9: Promover que los servidores y contratistas de la entidad realicen el curso de integridad, transparencia y lucha contra la corrupción establecido por Función Pública para dar cumplimiento a la Ley 2016 de 2020. | C9: Al menos el 80% de funcionarios y contratistas de Mindeporte certificados en el curso con corte al 30 de septiembre | D9: Número de funcionarios y contratistas de Mindeporte certificados en el curso/Número total de funcionarios y contratistas de Mindeporte | E9: GIT Gestión del Talento Humano y GIT Contratación | F9: 44561 | S9: 0 | T9: 0 | U9: 1 | V9: 1 | W9: 1 | X9: 1
S10: =AVERAGE(S6:S9) -> 0 | T10: =AVERAGE(T6:T9) -> 0 | U10: =AVERAGE(U6:U9) -> 0.5 | V10: =AVERAGE(V6:V9) -> 0.5 | W10: =AVERAGE(W6:W9) -> 0.75 | X10: =AVERAGE(X6:X9) -> 1
